 Dungeon Sprint DCSS version 0.22-a0-305-gd21a89c (webtiles) character file.

19542 Kidiri the Unseen (level 12, -32/65 HPs)
             Began as a Spriggan Enchanter on Apr 1, 2018.
             Was the Champion of Dithmenos.
             Killed from afar by a nagaraja (40 damage)
             ... with a poison arrow
             ... in the Dungeon (Sprint III: "The Ten Rune Challenge").
             The game lasted 00:13:41 (2167 turns).

Kidiri the Unseen (Spriggan Enchanter)              Turns: 2167, Time: 00:13:42

Health: -32/65     AC:  4    Str:  4    XL:     12   Next: 37%
Magic:  6/35       EV: 34    Int: 19    God:    Dithmenos [******]
Gold:   32         SH:  0    Dex: 19    Spells: 26/41 levels left

rFire    . . .     SeeInvis +   p - +2 short sword (venom)
rCold    . . .     Gourm    .   (shield restricted)
rNeg     . . .     Faith    .   b - +0 robe
rPois    .         Spirit   .   (helmet restricted)
rElec    .         Reflect  .   (no cloak)
rCorr    .         Harm     .   (gloves unavailable)
MR       ++...     NoTele   +   (boots unavailable)
Stlth    ++++++++++             (no amulet)
HPRegen  0.20/turn              (no ring)
MPRegen  0.24/turn              (no ring)

@: lethally poisoned (-32 -> -54), wreathed by umbra, very quick
A: very small, unfitting armour, slimy green scales 1, see invisible,
deterioration 1, herbivore, speed 3, high mp 1, slow metabolism 2, evolution 1
a: Shadow Step, Shadow Form, Renounce Religion


You were in the Dungeon.
You worshipped Dithmenos.
Dithmenos was exalted by your worship.
You were not hungry.

You visited 1 branch You collected 32 gold pieces.

Inventory:

Hand Weapons
 a - a +1 dagger
 p - a +2 short sword of venom (weapon)
Armour
 b - a +0 robe (worn)
Scrolls
 i - 2 scrolls of torment {unknown}
 j - a scroll of blinking
 k - 3 scrolls of identify
 l - 2 scrolls of remove curse
 n - a scroll of immolation {unknown}
Potions
 c - a potion of mutation
 g - a potion of haste
 h - 2 potions of magic
 m - a potion of might
 o - 3 potions of flight
Comestibles
 d - 13 rations


   Skills:
 + Level 8.2 Fighting
 * Level 14.3 Short Blades
 + Level 7.5 Armour
 * Level 18.0 Dodging
 * Level 19.5 Stealth
 * Level 15.4 Spellcasting
 + Level 12.1 Hexes
 + Level 8.7 Invocations


You had 26 spell levels left.
You knew the following spells:

 Your Spells              Type           Power        Failure   Level  Hunger
a - Corona                Hex            ######.      1%          1    None
b - Ensorcelled Hibernat  Hex/Ice        #####.       1%          2    None
c - Confuse               Hex            ######..     1%          3    None
d - Tukima's Dance        Hex            ######..     1%          3    None
e - Dazzling Spray        Conj/Hex       #####.       1%          3    None
f - Mephitic Cloud        Conj/Pois/Air  ##......     13%         3    None


Dungeon Overview and Level Annotations

Branches:
Dungeon (1/1)

Altars:
Cheibriados
Dithmenos
Elyvilon
Fedhas
Gozag
Hepliaklqana
Kikubaaqudgha
Makhleb
Nemelex Xobeh
Okawaru
Qazlal
Ru
Sif Muna
Trog
Uskayaw
Vehumet
Wu Jian
Xom
Yredelemnul
Zin
The Shining One
Beogh
Jiyva
Lugonu

Shops:
D }!

Annotations:
D exclusion: 5 doors


Innate Abilities, Weirdness & Mutations

You are very small and have problems with some larger weapons.
You are too small for most types of armour.
You have supernaturally acute eyesight. (SInv)
You are a herbivore.
You cover ground extremely quickly.
You need to consume almost no food.
You are partially covered in slimy green scales. (AC +2)
Your body sometimes deteriorates upon taking damage.
You have an increased reservoir of magic. (+10% MP)
You evolve.


Message History

Unknown command.
Unknown command.
Casting: Dazzling Spray (safe; 1% risk of failure)
Confirm with . or Enter, or press ? or * to list all spells.
Aiming: Ensorcelled Hibernation (safe; 1% risk of failure)
Press: ? - help, Shift-Dir - straight line, f - nagaraja
Aim: a nagaraja, wielding a club and wearing a robe (black smoke, heavily wounded, fast, poisoned, umbra, chance to defeat MR: 0%)
Okay, then.
Unknown command.
Casting: Ensorcelled Hibernation (safe; 1% risk of failure)
Confirm with . or Enter, or press ? or * to list all spells.
Aiming: Confuse (safe; 1% risk of failure)
Press: ? - help, Shift-Dir - straight line, f - nagaraja
Aim: a nagaraja, wielding a club and wearing a robe (black smoke, heavily wounded, fast, poisoned, umbra, chance to defeat MR: 0%)
Okay, then.
Unknown command.
The nagaraja casts a spell at you. The poison arrow hits you!
You are lethally poisoned!
Ouch! That really hurt!
You die...

#......†....##
#............#
###########..#
##...........#
#...........##
#..##########
#....†......##
##....†....†.#
##########@.#
##.§§§§§§....#
#∩.§§§§N§...##
#∩.##########
#


You could see a nagaraja.

Vanquished Creatures
  Rupert (D)
  A naga warrior (D)
  A centaur warrior (D)
  Erica (D)
  3 anacondas (D)
  4 death yaks (D)
  Urug (D)
  2 unseen horrors (D)
  A lindwurm (D)
  A deep elf mage (D)
  6 black mambas (D)
  2 spiny frogs (D)
  A rime drake (D)
  A komodo dragon (D)
  A queen bee (D)
  2 tyrant leeches (D)
  3 wandering mushrooms (D)
  8 blink frogs (D)
  3 redbacks (D)
  A shadow (D)
  A spatial vortex (D)
  2 nagas (D)
  3 water moccasins (D)
  A swamp drake (D)
  A necrophage (D)
  2 centaurs (D)
  An earth elemental (D)
  A water elemental (D)
  31 killer bees (D)
  A jelly (D)
  Jessica (D)
  A necromancer (D)
  A wizard (D)
  3 humans (D)
  A kobold demonologist (D)
  A wolf (D)
  4 adders (D)
  An ooze (D)
  2 rats (D)
  A ballistomycete spore (D)
104 creatures vanquished.

Vanquished Creatures (others)
  2 draconian scorchers (D)
  2 hydras (D)
  6 hellions (D)
  2 yaktaurs (D)
  A killer bee (D)
  An electric eel (D)
14 creatures vanquished.

Grand Total: 118 creatures vanquished

Notes
Turn   | Place    | Note
-------+----------+-------------------------------------------
     0 | D        | Kidiri the Spriggan Enchanter began the quest for the Orb.
     0 | D        | Reached XP level 1. HP: 9/9 MP: 5/5
    17 | D        | Reached skill level 5 in Stealth
    76 | D        | Killed a yaktaur
    96 | D        | Killed a hellion
    96 | D        | Killed a hellion
    96 | D        | Killed a hellion
    96 | D        | Killed a hellion
   134 | D        | Killed a hellion
   137 | D        | Killed a white draconian scorcher
   179 | D        | Killed a hellion
   242 | D        | Noticed Jessica
   245 | D        | Killed Jessica
   245 | D        | Reached skill level 1 in Fighting
   245 | D        | Reached skill level 1 in Armour
   245 | D        | Reached skill level 6 in Stealth
   245 | D        | Reached XP level 2. HP: 14/14 MP: 6/8
   245 | D        | Reached XP level 3. HP: 18/18 MP: 6/9
   261 | D        | Learned a level 2 spell: Ensorcelled Hibernation
   265 | D        | Learned a level 3 spell: Confuse
   266 | D        | Killed a white draconian scorcher
   269 | D        | Learned a level 3 spell: Tukima's Dance
   303 | D        | Reached skill level 5 in Dodging
   436 | D        | Gained mutation: Your flesh is cold resistant. (rC+) [potion of mutation]
   436 | D        | Gained mutation: You have an increased reservoir of magic. (+10% MP) [potion of mutation]
   436 | D        | Gained mutation: Armour fits poorly on your strangely shaped body. [potion of mutation]
   436 | D        | Gained mutation: You are robust. (+10% HP) [potion of mutation]
   437 | D        | Lost mutation: You are robust. (+10% HP) [potion of mutation]
   437 | D        | Gained mutation: You evolve. [potion of mutation]
   437 | D        | Gained mutation: Your flesh is very cold resistant. (rC++) [potion of mutation]
   438 | D        | Lost mutation: Armour fits poorly on your strangely shaped body. [potion of mutation]
   438 | D        | Lost mutation: Your flesh is very cold resistant. (rC++) [potion of mutation]
   438 | D        | Lost mutation: You evolve. [potion of mutation]
   438 | D        | Gained mutation: You occasionally shout uncontrollably at your foes. [potion of mutation]
   438 | D        | Gained mutation: You expend magic power (3 MP) to strengthen your wands. [potion of mutation]
   438 | D        | Gained mutation: You are partially covered in slimy green scales. (AC +2) [potion of mutation]
   439 | D        | Lost mutation: You expend magic power (3 MP) to strengthen your wands. [potion of mutation]
   439 | D        | Lost mutation: You occasionally shout uncontrollably at your foes. [potion of mutation]
   439 | D        | Lost mutation: Your flesh is cold resistant. (rC+) [potion of mutation]
   439 | D        | Gained mutation: Your body sometimes deteriorates upon taking damage. [potion of mutation]
   439 | D        | Gained mutation: You evolve. [potion of mutation]
   466 | D        | Noticed a water elemental
   469 | D        | Killed a water elemental
   469 | D        | Reached skill level 7 in Stealth
   469 | D        | Reached skill level 5 in Spellcasting
   469 | D        | Reached skill level 5 in Hexes
   469 | D        | Reached XP level 4. HP: 23/23 MP: 11/13
   490 | D        | Noticed a shadow
   498 | D        | Reached skill level 8 in Stealth
   498 | D        | Reached XP level 5. HP: 26/26 MP: 9/15
   502 | D        | Killed a shadow
   502 | D        | Reached skill level 9 in Stealth
   502 | D        | Reached XP level 6. HP: 32/32 MP: 6/18
   507 | D        | Learned a level 3 spell: Dazzling Spray
   574 | D        | Found a blossoming altar of Fedhas.
   574 | D        | Found a stormy altar of Qazlal.
   575 | D        | Found a snail-covered altar of Cheibriados.
   575 | D        | Found a burning altar of Makhleb.
   575 | D        | Found a hazy altar of Hepliaklqana.
   575 | D        | Found a shimmering altar of Xom.
   575 | D        | Found an opulent altar of Gozag.
   575 | D        | Found a sparkling altar of Nemelex Xobeh.
   575 | D        | Found a corrupted altar of Lugonu.
   575 | D        | Found a viscous altar of Jiyva.
   575 | D        | Noticed a spatial vortex
   578 | D        | Killed a spatial vortex
   578 | D        | Reached skill level 10 in Stealth
   593 | D        | Found a shadowy altar of Dithmenos.
   594 | D        | Found a basalt altar of Yredelemnul.
   594 | D        | Found a sacrificial altar of Ru.
   596 | D        | Reached XP level 7. HP: 36/36 MP: 21/21
   602 | D        | Became a worshipper of Dithmenos the Shadowed
   617 | D        | Found a radiant altar of Vehumet.
   618 | D        | Found a deep blue altar of Sif Muna.
   618 | D        | Found an ancient bone altar of Kikubaaqudgha.
   635 | D        | Found a glowing silver altar of Zin.
   636 | D        | Found a glowing golden altar of the Shining One.
   636 | D        | Found a white marble altar of Elyvilon.
   636 | D        | Noticed a deep elf mage
   638 | D        | Killed a deep elf mage
   638 | D        | Reached * piety under Dithmenos
   638 | D        | Reached skill level 10 in Dodging
   638 | D        | Reached skill level 11 in Stealth
   649 | D        | Found a hide-covered altar of Uskayaw.
   649 | D        | Found an iron altar of Okawaru.
   650 | D        | Found a roughly hewn altar of Beogh.
   650 | D        | Found a bloodstained altar of Trog.
   650 | D        | Found an ornate altar of the Wu Jian Council.
   650 | D        | Noticed a human
   650 | D        | Noticed a human
   660 | D        | Killed a human
   660 | D        | Reached skill level 12 in Stealth
   660 | D        | Reached XP level 8. HP: 30/42 MP: 12/24
   664 | D        | Reached ** piety under Dithmenos
   756 | D        | Noticed Erica
   778 | D        | Killed Erica
   778 | D        | Reached skill level 13 in Stealth
   778 | D        | Reached skill level 10 in Spellcasting
   906 | D        | Killed a yaktaur
   912 | D        | Noticed a centaur warrior
   914 | D        | Killed a centaur warrior
   914 | D        | Reached skill level 5 in Fighting
   914 | D        | Reached skill level 10 in Short Blades
   914 | D        | Reached skill level 14 in Stealth
   914 | D        | Reached XP level 9. HP: 47/47 MP: 21/27
   923 | D        | Reached *** piety under Dithmenos
   974 | D        | Noticed an unseen horror
   974 | D        | Noticed an unseen horror
   975 | D        | Killed an unseen horror
   975 | D        | Reached skill level 5 in Armour
   975 | D        | Reached skill level 5 in Invocations
   977 | D        | Killed an unseen horror
   988 | D        | Noticed a queen bee
   989 | D        | Reached XP level 10. HP: 46/53 MP: 26/29
  1000 | D        | Reached **** piety under Dithmenos
  1000 | D        | Reached skill level 15 in Stealth
  1023 | D        | Reached ***** piety under Dithmenos
  1078 | D        | Reached ****** piety under Dithmenos
  1405 | D        | Reached skill level 16 in Stealth
  1503 | D        | Killed an eight-headed hydra
  1518 | D        | Noticed a spiny frog
  1518 | D        | Noticed a spiny frog
  1520 | D        | Killed a spiny frog
  1521 | D        | Reached skill level 10 in Hexes
  1522 | D        | Killed a spiny frog
  1562 | D        | Reached skill level 15 in Dodging
  1577 | D        | Killed an eight-headed hydra
  1629 | D        | Noticed a lindwurm
  1631 | D        | Killed a lindwurm
  1631 | D        | Reached XP level 11. HP: 58/58 MP: 27/32
  1658 | D        | Noticed Urug
  1660 | D        | Killed Urug
  1684 | D        | Reached skill level 17 in Stealth
  1840 | D        | Noticed Rupert
  1842 | D        | Killed Rupert
  1871 | D        | Noticed a death yak
  1872 | D        | Noticed a death yak
  1872 | D        | Noticed an azure jelly
  1872 | D        | Noticed a death yak
  1872 | D        | Noticed an azure jelly
  1872 | D        | Noticed a death yak
  1873 | D        | Killed a death yak
  1873 | D        | Reached skill level 18 in Stealth
  1874 | D        | Killed a death yak
  1877 | D        | Killed a death yak
  1880 | D        | Killed a death yak
  1883 | D        | Reached XP level 12. HP: 64/64 MP: 22/34
  1935 | D        | Learned a level 3 spell: Mephitic Cloud
  1936 | D        | Noticed an anaconda
  1936 | D        | Noticed an anaconda
  1938 | D        | Killed an anaconda
  1941 | D        | Killed an anaconda
  1941 | D        | Reached skill level 19 in Stealth
  1941 | D        | Reached skill level 15 in Spellcasting
  2054 | D        | Noticed an anaconda
  2066 | D        | Killed an anaconda
  2146 | D        | Noticed a naga warrior
  2146 | D        | Noticed a nagaraja
  2147 | D        | Found Wudera's Gadget Boutique.
  2147 | D        | Found Behim's Distillery.
  2162 | D        | Killed a naga warrior
  2167 | D        | Killed from afar by a nagaraja

Vault maps used:
D:        dungeon_sprint_mu

Skill      XL: |  1  2  3  4  5  6  7  8  9 10 11 12 |
---------------+-------------------------------------+-----
Stealth        | 6 7 8 9 10 12 14 16 18 19 | 19.5
Spellcasting   | 4 5 7 8 9 11 13 14 15 | 15.4
Fighting       | 1 2 3 4 5 6 7 8 |  8.2
Short Blades   | 3 4 6 7 8 10 12 13 14 | 14.3
Armour         | 1 2 3 4 5 6 7 |  7.5
Dodging        | 4 6 8 9 10 12 13 15 17 18 | 18.0
Hexes          | 4 5 6 7 8 9 10 11 12 | 12.1
Invocations    | 2 4 5 6 8 |  8.7

Action                   |  1- 3 |  4- 6 |  7- 9 | 10-12 || total
-------------------------+-------+-------+-------+-------++-------
Melee: Dagger            |    22 |     8 |     7 |       ||    37
       Short sword       |       |       |    22 |   224 ||   246
 Cast: Corona            |     2 |       |       |       ||     2
       Ensorcelled Hiber |     4 |     2 |     5 |    15 ||    26
       Confuse           |       |     1 |     6 |    19 ||    26
       Dazzling Spray    |       |       |     2 |    17 ||    19
       Mephitic Cloud    |       |       |       |     1 ||     1
Invok: Shadow Step       |       |       |     1 |    16 ||    17
  Use: Potion            |     5 |       |       |     3 ||     8
 Stab: Sleeping          |     4 |     4 |     9 |    36 ||    53
       Confused          |       |     2 |     3 |     5 ||    10
       Invisible         |       |       |     2 |     6 ||     8
Armor: Robe              |     1 |     1 |     1 |     2 ||     5
Dodge: Dodged            |    20 |     5 |    21 |   182 ||   228

Table legend:
 A = Spawn XP
 B = Non-spawn XP
 C = Spawn XP percentage of total XP
 D = Spawn monster count
 E = Non-spawn monster count
 F = Spawn count percentage of total count
 G = Total turns spent on level
                    A         B        C        D         E        F      G
               +---------+---------+-------+---------+---------+-------+---------
         Total |       0 |   27918 |   0.0 |       0 |     104 |   0.0 |  2167
               +---------+---------+-------+---------+---------+-------+---------
             D |       0 |   27918 |   0.0 |       0 |     104 |   0.0 |  2167
               +---------+---------+-------+---------+---------+-------+---------
